 Dungeon Crawl Stone Soup version 0.29-a0-234-g0dae59b3db (webtiles) character file.

Game seed: 11549280914070318277

146 n8rtot the Firebug (level 5, -7/28 HPs)
             Began as a Tengu Fire Elementalist on Mar 2, 2022.
             Was an Initiate of the Shining One.
             Shot with an arrow by a centaur (11 damage)
             ... on level 4 of the Dungeon.
             The game lasted 00:20:56 (3112 turns).

n8rtot the Firebug (Tengu Fire Elementalist)        Turns: 3112, Time: 00:20:57

Health: -7/28      AC:  2    Str:  8    XL:     5   Next: 28%
Magic:  9/10       EV: 15    Int: 18    God:    the Shining One [......]
Gold:   92         SH:  0    Dex: 14    Spells: 9/10 levels left

rFire   . . .      SeeInvis .   (no weapon)
rCold   . . .      Faith    .   (no shield)
rNeg    . . .      Spirit   .   a - +0 robe
rPois   .          Reflect  .   (helmet restricted)
rElec   .          Harm     .   (no cloak)
rCorr   .          Rampage  .   (no gloves)
Will    .....                   (boots unavailable)
Stlth   +.........              r - amulet of regeneration
HPRegen 0.89/turn               (no ring)
MPRegen 0.12/turn               (no ring)

@: flying quickly and evasively, glowing, quick
A: beak, talons 3, nimble flight
a: Renounce Religion


You were on level 4 of the Dungeon.
You worshipped the Shining One.
The Shining One was noncommittal.
You visited 1 branch of the dungeon, and saw 4 of its levels.

You collected 92 gold pieces.

Inventory:

Hand Weapons
 s - a +0 hunting sling
Missiles
 b - 6 poisoned darts (quivered)
 j - 3 boomerangs of dispersal
Armour
 a - a +0 robe (worn)
Magical Staves
 d - a staff of earth
 o - a staff of poison
Jewellery
 r - an amulet of regeneration (around neck)
Wands
 t - a wand of digging (3)
Scrolls
 c - a scroll of holy word {unknown}
 e - a scroll of amnesia {unknown}
 f - a scroll of noise {unknown}
 k - 2 scrolls of teleportation
 l - a scroll of silence {unknown}
 m - a scroll of summoning {unknown}
 p - a scroll of enchant weapon {unknown}
 q - 2 scrolls of blinking {unknown}
Potions
 g - a potion of invisibility {unknown}
 h - a potion of heal wounds {unknown}
 i - a potion of haste {unknown}
 n - a potion of resistance
 u - a potion of flight {unknown}
 v - a potion of brilliance {unknown}


   Skills:
 + Level 2.8 Dodging
 - Level 2.0 Stealth
 + Level 3.2 Spellcasting
 + Level 3.1 Conjurations
 + Level 4.5 Fire Magic


You had 9 spell levels left.
You knew the following spells:

 Your Spells              Type           Power      Damage    Failure   Level
a - Foxfire               Conj/Fire      64%        2x1d7     3%          1

Your spell library contained the following spells:

 Spells                   Type           Power      Damage    Failure   Level
 Scorch                   Fire           38%        2d7       3%          2
 Conjure Flame            Conj/Fire      16%        6-21      10%         3
 Slow                     Hex            8%         N/A       16%         1
 Inner Flame              Hex/Fire       11%        N/A       19%         3
 Flame Wave               Conj/Fire      16%        2d6       32%         4
 Confusing Touch          Hex            2%         N/A       43%         3
 Tukima's Dance           Hex            2%         N/A       43%         3
 Vampiric Draining        Necr           2%         2d6       43%         3
 Passage of Golubria      Tloc           2%         N/A       85%         4
 Yara's Violent Unravell  Hex/Tmut       1%         3d3       99%         5


Dungeon Overview and Level Annotations

Branches:
Dungeon (4/15)
 Temple: D:4-7

Altars:
Dithmenos
Elyvilon
Makhleb
Okawaru
Qazlal
Sif Muna
Wu Jian
Xom
The Shining One


Innate Abilities, Weirdness & Mutations

You have a beak for a mouth.
You have claws for feet.
Your magical nature lets you fly swiftly and evasively.


Message History

There is a stone staircase leading down here.
You fly downwards.
There is a stone staircase leading up here.
Found a stone staircase leading down.
A ball python comes into view.
The ball python hisses angrily.
Casting: Foxfire (safe; 3% risk of failure)
Confirm with . or Enter, or press ? or * to list all spells.
You conjure some foxfire!
The foxfire hits the ball python.
You kill the ball python!
Your foxfire dissipates!
Magic restored.
v - an emerald potion
Found an escape hatch in the ceiling.
A centaur comes into view.
Casting: Foxfire (safe; 3% risk of failure)
Confirm with . or Enter, or press ? or * to list all spells.
You conjure some foxfire!
The centaur shouts!
The foxfire hits the centaur.
The centaur is moderately wounded.
The foxfire hits the centaur.
The centaur is moderately wounded.
The centaur wields a +0 shortbow.
The centaur shoots an arrow.
The arrow closely misses you.
Casting: Foxfire (safe; 3% risk of failure)
Confirm with . or Enter, or press ? or * to list all spells.
You conjure some foxfire!
The centaur shoots an arrow.
The arrow misses you.
The centaur shoots an arrow.
The arrow hits you!
The foxfire hits the centaur but does no damage.
The centaur is moderately wounded.
The centaur shoots an arrow.
The arrow closely misses you.
The centaur shoots an arrow.
The arrow closely misses you.
The centaur shoots an arrow.
The arrow hits you!
Ouch! That really hurt!
The centaur shoots an arrow.
The arrow hits you.
* * * LOW HITPOINT WARNING * * *
The centaur shoots an arrow.
The arrow hits you!
You die...

# .....# # ..... .... .c.
##### .§# ..... #########
§.# .....
........#######..# #....
..............c..## ..
#..@..........###
########..........
##.....#### # #....## ##
####...## .##
#########.....##
..#########.............#
................#.......#
.......#########........#


You could see a centaur.

Vanquished Creatures
  A necrophage (D:3)
  Robin (D:3)
  2 worms (D:2)
  2 dart slugs
  An orc (D:3)
  5 bats
  5 endoplasms
  2 giant cockroaches (D:2)
  14 goblins
  5 hobgoblins
  2 kobolds
  2 quokkas
  9 ball pythons
  6 rats
57 creatures vanquished.

Vanquished Creatures (others)
  157 foxfires
157 creatures vanquished.

Grand Total: 214 creatures vanquished

Notes
Turn   | Place    | Note
-------+----------+-------------------------------------------
     0 | D:1      | n8rtot the Tengu Fire Elementalist began the quest for the
                  | Orb.
     0 | D:1      | Reached XP level 1. HP: 10/10 MP: 4/4
   381 | D:1      | Reached XP level 2. HP: 15/15 MP: 4/6
  1289 | D:2      | Reached XP level 3. HP: 19/19 MP: 1/7
  1404 | D:2      | Reached skill level 4 in Fire Magic
  1455 | D:2      | Found a glowing golden altar of the Shining One.
  1463 | D:2      | Became a worshipper of the Shining One
  2144 | D:3      | Found a white marble altar of Elyvilon.
  2144 | D:3      | Found a shimmering altar of Xom.
  2144 | D:3      | Found an ornate altar of the Wu Jian Council.
  2144 | D:3      | Found an iron altar of Okawaru.
  2148 | D:3      | Found a shimmering blue altar of Sif Muna.
  2148 | D:3      | Found a burning altar of Makhleb.
  2157 | D:3      | Found a shadowy altar of Dithmenos.
  2157 | D:3      | Found a glowing golden altar of the Shining One.
  2157 | D:3      | Found a stormy altar of Qazlal.
  2437 | D:3      | Reached XP level 4. HP: 23/24 MP: 5/8
  2524 | D:3      | Noticed a necrophage
  2554 | D:3      | Killed a necrophage
  2555 | D:3      | Gained mutation: Your magical nature lets you fly swiftly
                  | and evasively. [Tengu growth]
  2555 | D:3      | Reached XP level 5. HP: 20/28 MP: 2/10
  2737 | D:3      | Identified the +1 helmet of the Devil's Advocate {Rampage
                  | Drain Will+ MP+9}
  2737 | D:3      | Noticed Robin
  2759 | D:3      | Killed Robin
  3100 | D:4      | Noticed a centaur
  3112 | D:4      | Shot with an arrow by a centaur

Illustrated notes

Levels and vault maps discovered:
D:1:      co_arrival_square_in_a_square_in_a_square, layout_basic
D:2:      layout_basic, basic_altar
D:3:      layout_basic, nicolae_overflows_in_rows, minmay_strange_pillars,
          hex_tiny, uniq_robin
D:4:      layout_cave_pods, ebering_ghost_sewer_d, nicolae_shop_fire_sale
          [nicolae_sub_dead_trees]

Skill      XL: |  1  2  3  4 |
---------------+-------------+-----
Fire Magic     | 4 |  4.5
Conjurations   | 2 3 |  3.1
Spellcasting   | 3 |  3.2
Dodging        | |  2.8
Stealth        | |  2.0

Action                   |  1- 3 |  4- 6 || total
-------------------------+-------+-------++-------
 Cast: Foxfire           |    71 |    30 ||   101
  Use: Scroll            |     2 |       ||     2
Armor: Robe              |    10 |     1 ||    11
Dodge: Dodged            |    26 |     7 ||    33

Table legend: (Time is in decaauts)
 A = Elapsed time spent in this place.
 B = Non-inter-level travel time spent in this place.
 C = Inter-level travel time spent in this place.
 D = Time resting spent in this place.
 E = Time spent auto-exploring this place.
 F = Levels seen in this place.
 G = Mean time per level.
                   A        B        C        D        E       F      G
               +--------+--------+--------+--------+--------+-----+--------+
         Total |   3074 |   3074 |      0 |      0 |   2317 |   4 |  768.5 |
       Dungeon |   3074 |   3074 |      0 |      0 |   2317 |   4 |  768.5 |
               +--------+--------+--------+--------+--------+-----+--------+

Top non-repeatable levels by time:
     D:1: 1188 daAuts
     D:2: 918 daAuts
     D:3: 895 daAuts
     D:4: 71 daAuts
